Map: Ruins of Seras

Players

Raith

  • Race: Terran Terran
  • League: Platinum

TTOne

  • Race: Terran Terran

Trion

  • Race: Protoss Protoss
  • League: Diamond

KiWiKaKi

  • Race: Protoss Protoss

VOD

Have the link to the VOD?

Description

Time

  • Played on: Nov. 27, 2015, 2:59 p.m.
  • Length: 4:44
Show
View Real Time Build Order
Export as new Build Order

Raith Terran 

Build Orders: Reaper Expand 

Get SALT Encoding   

  12  0:00  SCV  
  13  0:12  SCV  
  14  0:21  Supply Depot  
  14  0:25  SCV  
  15  0:42  SCV  
  16  0:43  Barracks  
  16  0:48  Refinery  
  16  0:54  SCV  
  17  1:06  SCV  
  18  1:19  SCV  
  19  1:31  Reaper  
  19  1:32  Orbital Command  
  20  1:50  Command Center  
  20  1:58  SCV  
  21  2:02  Supply Depot  
  21  2:04  Reaper  
  22  2:13  SCV  
  23  2:24  Refinery  
  23  2:25  SCV  
  24  2:30  Factory  
  24  2:38  SCV  
  24  2:41  Barracks Tech Lab  
  25  2:48  Barracks  
  25  2:50  SCV  
  26  3:01  Marine  
  26  3:02  SCV  
  28  3:16  Orbital Command  
  28  3:19  Marine  
  25  3:36  Widow Mine, Marine  
  25  3:37  Marine  
  28  3:42  SCV x2  
  27  3:54  Marine x2  
  25  4:11  Marine  
  25  4:12  Marine  
Show
View Real Time Build Order
Export as new Build Order

TTOne Terran 

Build Orders:  

Get SALT Encoding   

  12  0:01  Probe (Chrono Boost)  
  13  0:11  Probe (Chrono Boost)  
  14  0:18  Pylon  
  14  0:22  Probe (Chrono Boost)  
  15  0:37  Probe (Chrono Boost)  
  15  0:39  Gateway  
  16  0:47  Probe (Chrono Boost)  
  17  0:50  Assimilator  
  17  0:58  Probe (Chrono Boost)  
  18  1:08  Probe (Chrono Boost)  
  19  1:19  Probe (Chrono Boost)  
  20  1:29  Nexus  
  20  1:36  Cybernetics Core  
  20  1:39  Probe (Chrono Boost)  
  21  1:44  Assimilator  
  21  1:49  Probe (Chrono Boost)  
  22  1:55  Pylon  
  22  2:00  Probe (Chrono Boost)  
  23  2:12  Warp Gate  
  23  2:13  Probe (Chrono Boost), Adept (Chrono Boost)  
  26  2:25  Probe  
  26  2:28  Stargate  
  27  2:37  Probe  
  27  2:38  Adept (Chrono Boost)  
  27  2:41  Probe  
  31  2:49  Probe  
  32  2:52  Probe  
  33  3:01  Probe, Adept (Chrono Boost)  
  38  3:10  Probe  
  38  3:12  Oracle (Chrono Boost)  
  37  3:13  Probe  
  37  3:17  Pylon  
  41  3:20  Probe  
  41  3:25  Probe  
  41  3:26  Adept  
  45  3:31  Probe  
  46  3:37  Probe  
  47  3:41  Probe  
  47  3:44  Oracle (Chrono Boost)  
  51  3:49  Pylon  
  51  3:50  Probe  
  51  3:52  Probe  
  51  3:53  Pylon  
  53  4:02  Probe  
  54  4:06  Probe  
  55  4:14  Probe  
  59  4:19  Probe  
  60  4:24  Twilight Council  
  60  4:27  Assimilator  
  60  4:29  Probe x2, Nexus  
  62  4:32  Assimilator  
  62  4:40  Pylon  
Show
View Real Time Build Order
Export as new Build Order

Trion Protoss 

Build Orders:  

Get SALT Encoding   

Show
View Real Time Build Order
Export as new Build Order

KiWiKaKi Protoss 

Build Orders:  

Get SALT Encoding   

Tags
 
Add a new tag
Caveats
  • Supply blocks, unpowered buildings, or Contaminate may cause inaccurate times.
  • Supply counts are checked every 10 seconds.